 Dungeon Crawl Stone Soup version 0.31.0 (webtiles) character file.

Game seed: 12776619674436389850

87 thing the Chopper (level 4, -1/40 HPs)
             Began as a Hill Orc Berserker on Jan 19, 2024.
             Was a Believer of Trog.
             Slain by an orc
             ... wielding a +0 club
              (2 damage)
             ... on level 3 of the Dungeon.
             The game lasted 00:04:30 (2309 turns).

thing the Chopper (Hill Orc Berserker)              Turns: 2309, Time: 00:04:31

Health: -1/40      AC:  2    Str: 21    XL:     4   Next: 51%
Magic:  4/4        EV: 12    Int:  7    God:    Trog [**....]
Gold:   268        SH:  0    Dex: 10    Spells: 3/3 levels left

rFire   . . .        a - +1 hand axe (heavy)
rCold   . . .        (no shield)
rNeg    . . .        b - +0 animal skin
rPois   .            (no helmet)
rElec   .            (no cloak)
rCorr   .            (no gloves)
SInv    .            (no boots)
Will    .....        (no amulet)
Stlth   +            (no ring)
HPRegen 0.26/turn    (no ring)
MPRegen 0.09/turn

%: no passive effects
@: no status effects
A: no striking features
a: Renounce Religion, Convert to Beogh, Berserk, Trog's Hand


You were on level 3 of the Dungeon.
You worshipped Trog.
Trog was pleased with you.
You visited 1 branch of the dungeon, and saw 3 of its levels.

You collected 268 gold pieces.

Inventory:

Hand Weapons
 a - a +1 heavy hand axe (weapon)
Armour
 b - a +0 animal skin (worn)
Talismans
 d - a beast talisman
 i - a maw talisman
Potions
 c - a potion of haste {unknown}
 e - a potion of brilliance {unknown}
 f - a potion of heal wounds {unknown}
 g - a potion of attraction {unknown}
 h - a potion of lignification {unknown}
 j - a potion of might {unknown}


   Skills:
 + Level 4.2 Fighting
 + Level 5.3 Axes
 + Level 2.4 Armour
 + Level 2.3 Dodging
 + Level 0.6 Stealth


You had 3 spell levels left.
You didn't know any spells.
Your spell library was empty.

Dungeon Overview and Level Annotations

Branches:
Dungeon (3/15)

Altars:


Message History

You kill the hobgoblin!
Trog accepts your kill.
No target in view!
No target in view!
No target in view!
There is an escape hatch in the ceiling here.
You see here a giant cockroach corpse.
You see here a ball python skeleton.
You see here a Young Poisoner's Handbook.
You see here a bat skeleton.
You see here a rat skeleton. 2 orcs come into view.
An orc is wielding a +1 mace of protection and wearing a +2 leather armour of cold resistance.
Found 2 stones.
The orc shouts!
You hear a shout! x2
An orc priest comes into view. It is wielding a +1 mace of protection.
An orc comes into view. It is wielding a +0 whip.
The orc priest calls down the wrath of Beogh upon you.
Beogh smites you!
The orc shouts!
The orc priest shouts, "Beogh is our master!
Accept the truth or die!" (press Y on the ability menu to convert to Beogh)
The orc priest invokes the aid of Beogh against you.
Beogh smites you!
You barely miss the orc. The orc barely misses you.
You slash the orc!
The orc is almost dead.
You hit the orc.
You kill the orc!
Trog accepts your kill.
The orc priest looks braver for a moment.
The orc barely misses you.
You barely miss the orc.
The orc priest calls down the wrath of Beogh upon you.
Beogh smites you!
* * * LOW HITPOINT WARNING * * *
The orc hits you with a +0 club.
* * * LOW HITPOINT WARNING * * *
You barely miss the orc. The orc hits you with a +0 club.
You die...

#.# #.# #.# #.#
######.###########
.......:÷÷.......#
######.#########.#
###÷.# #.#
###...## #@#
#...##### #o#
........# #o#
........# #.#
........# #o#
........# #.#
........# #.#
........# #.#
...)....# *,*


You could see an orc priest and 2 orcs.

Vanquished Creatures
  2 adders (D:2)
  A ribbon worm (D:2)
  2 dart slugs
  An orc (D:3)
  5 ball pythons
  4 endoplasms
  4 giant cockroaches
  7 goblins
  4 hobgoblins
  4 kobolds
  11 bats
  4 frilled lizards
  9 rats
58 creatures vanquished.

Notes
Turn   | Place    | Note
-------+----------+-------------------------------------------
     0 | D:1      | thing the Hill Orc Berserker began the quest for the Orb.
     0 | D:1      | Reached XP level 1. HP: 19/19 MP: 1/1
   110 | D:1      | Found a faded altar of an unknown god.
   146 | D:1      | Reached XP level 2. HP: 26/27 MP: 2/2
   560 | D:1      | Reached XP level 3. HP: 33/33 MP: 3/3
   966 | D:2      | Reached ** piety under Trog
  1422 | D:2      | Reached skill level 5 in Axes
  1488 | D:2      | Reached XP level 4. HP: 35/40 MP: 4/4
  2308 | D:3      | HP: 1/40 [orc/+0 club (2)]
  2309 | D:3      | Slain by an orc

Illustrated notes

Levels and vault maps discovered:
D:1:      dpeg_arrival_court, layout_loops_ring, ebering_ecumenical_altar_mist,
          minmay_tetromino_l2
D:2:      layout_loops_ring, minmay_gold_behind_fungi, columned_hall_lemuel
D:3:      layout_basic

Skill      XL: |  1  2  3 |
---------------+----------+-----
Fighting       | 4 |  4.2
Dodging        | 2 |  2.3
Axes           | 5 |  5.3
Armour         | |  2.4
Stealth        | |  0.6

Action                     |  1- 3 |  4- 6 || total
---------------------------+-------+-------++-------
  Melee: Hand axe          |   119 |    54 ||   173
         Punch             |       |     1 ||     1
    Use: Scroll            |     3 |     4 ||     7
 Armour: Animal skin       |    86 |    31 ||   117
  Dodge: Dodged            |   105 |    37 ||   142
